TOP OF THE 1ST |
Memphis Redbirds batting - Pitching for Gwinnett Braves : LHP Mario Jimenez
|
Pitching: LHP Mario Jimenez
|
|
Batting: RHB Josh Hoeye
|
0-0: Called Strike 0-1: Swinging Strike 0-2: Strikes out swinging
|
Batting: LHB Tom Butterbaugh
|
0-0: Ball 1-0: Ground out 5-3 (Groundball, 56, EV 100.6 MPH)
|
Batting: LHB Tim Olsen
|
0-0: Ball 1-0: Foul Ball, location: 2F 1-1: Foul Ball, location: 2F 1-2: Strikes out looking
|
Top of the 1st over - 0 runs, 0 hits, 0 errors, 0 left on base; Memphis 0 - Gwinnett 0 |
BOTTOM OF THE 1ST |
Gwinnett Braves batting - Pitching for Memphis Redbirds : LHP Brad Jonas
|
Pitching: LHP Brad Jonas
|
|
Batting: RHB Alex Munoz
|
0-0: Ball 1-0: Called Strike 1-1: Ball 2-1: Foul Ball, location: 2F 2-2: Ball 3-2: Foul Ball, location: 2F 3-2: Base on Balls
|
Batting: RHB Luis Revilla
|
0-0: Foul Ball, location: 2F 0-1: Foul Ball, location: 2F 0-2: Strikes out swinging
|
Batting: RHB Ian Sousa
|
0-0: Ball 1-0: Ball 2-0: Ball 3-0: Base on Balls Alex Munoz to second
|
Batting: RHB Jake Lang
|
0-0: Ball 1-0: Ball 2-0: Called Strike 2-1: Ball 3-1: Base on Balls Alex Munoz to third Ian Sousa to second
|
Batting: RHB Jesse Lester
|
0-0: Ball Wild Pitch! Alex Munoz scores Ian Sousa to third Jake Lang to second 1-0: Called Strike 1-1: Ball 2-1: Swinging Strike 2-2: Strikes out swinging
|
Batting: RHB T.J. Jordan
|
0-0: Ball 1-0: Ground out 5-3 (Groundball, 56S, EV 79.4 MPH)
|
Bottom of the 1st over - 1 run, 0 hits, 0 errors, 2 left on base; Memphis 0 - Gwinnett 1 |
TOP OF THE 2ND |
Memphis Redbirds batting - Pitching for Gwinnett Braves : LHP Mario Jimenez
|
Batting: RHB Eric Chotkowski
|
0-0: Called Strike 0-1: Ball 1-1: SOLO HOME RUN (Line Drive, 9LD, EV 98.8 MPH), Distance : 354 ft
|
Batting: LHB Jesus Ramirez
|
0-0: Foul Ball, location: 2F 0-1: Ball 1-1: Foul Ball, location: 2F 1-2: Foul Ball, location: 2F 1-2: Strikes out swinging
|
Batting: SHB Luke Robbins
|
0-0: Ball 1-0: Fly out, F4 (Flyball, 34D, EV 92.5 MPH)
|
Batting: SHB Quido van Erp
|
0-0: Foul Ball, location: 2F 0-1: Ball 1-1: Ball 2-1: Ball 3-1: Called Strike 3-2: Foul Ball, location: 2F 3-2: Base on Balls
|
Batting: RHB Tony Mendez
|
0-0: Called Strike Quido van Erp is caught stealing 2nd base 2-4
|
Top of the 2nd over - 1 run, 1 hit, 0 errors, 0 left on base; Memphis 1 - Gwinnett 1 |
BOTTOM OF THE 2ND |
Gwinnett Braves batting - Pitching for Memphis Redbirds : LHP Brad Jonas
|
Batting: LHB Bobby Upton
|
0-0: Ball 1-0: Foul Ball, location: 2F 1-1: SINGLE (Groundball, 34D, EV 101.3 MPH)
|
Batting: LHB Jose Chinchilla
|
0-0: Called Strike 0-1: Ball 1-1: Called Strike 1-2: Foul Ball, location: 2F 1-2: Foul Ball, location: 2F 1-2: Foul Ball, location: 2F 1-2: Ball 2-2: Fly out, F8 (Flyball, 8LM, EV 87.5 MPH)
|
Batting: SHB Tim Rodgers
|
0-0: Ball Bobby Upton steals 2nd base 1-0: Ball 2-0: SINGLE (Groundball, 6MD, EV 101.3 MPH) Bobby Upton to third Runner from 3rd tries for Home, throw by CF and OUT! 8-2 Tim Rodgers to second
|
Batting: RHB Alex Munoz
|
0-0: Ball 1-0: Reached on error, E6 (Groundball, 56, EV 85.0 MPH) Tim Rodgers to third
|
Batting: RHB Luis Revilla
|
0-0: Ball 1-0: Ball 2-0: SINGLE (Groundball, 56D, EV 103.8 MPH) Tim Rodgers scores Alex Munoz to second
|
Batting: RHB Ian Sousa
|
0-0: Ball 1-0: Ball 2-0: Ball 3-0: Called Strike 3-1: Called Strike 3-2: Foul Ball, location: 2F 3-2: Fly out, F8 (Flyball, 89S, EV 85.6 MPH)
|
Bottom of the 2nd over - 1 run, 3 hits, 1 error, 2 left on base; Memphis 1 - Gwinnett 2 |
TOP OF THE 3RD |
Memphis Redbirds batting - Pitching for Gwinnett Braves : LHP Mario Jimenez
|
Batting: RHB Tony Mendez
|
0-0: Bunt missed! 0-1: Ball 1-1: Ball 2-1: Ball 3-1: Called Strike 3-2: Ground out 6-3 (Groundball, 56, EV 85.6 MPH)
|
Batting: LHB Melvin Salgado
|
0-0: Ball 1-0: TRIPLE (Line Drive, 9LD, EV 107.5 MPH)
|
Batting: RHB Josh Hoeye
|
0-0: Called Strike 0-1: Foul Ball, location: 2F 0-2: Ball 1-2: Strikes out swinging
|
Batting: LHB Tom Butterbaugh
|
0-0: Ball 1-0: Called Strike 1-1: Foul Ball, location: 2F 1-2: Ground out 6-3 (Groundball, 6, EV 86.3 MPH)
|
Top of the 3rd over - 0 runs, 1 hit, 0 errors, 1 left on base; Memphis 1 - Gwinnett 2 |
BOTTOM OF THE 3RD |
Gwinnett Braves batting - Pitching for Memphis Redbirds : LHP Brad Jonas
|
Batting: RHB Jake Lang
|
0-0: Foul Ball, location: 2F 0-1: Ball 1-1: Foul Ball, location: 2F 1-2: Strikes out swinging
|
Batting: RHB Jesse Lester
|
0-0: Ball 1-0: Ball 2-0: Foul Ball, location: 2F 2-1: Called Strike 2-2: Ball 3-2: Fly out, F7 (Flyball, 7, EV 90.0 MPH)
|
Batting: RHB T.J. Jordan
|
0-0: Called Strike 0-1: Swinging Strike 0-2: Foul Ball, location: 2F 0-2: Strikes out swinging
|
Bottom of the 3rd over - 0 runs, 0 hits, 0 errors, 0 left on base; Memphis 1 - Gwinnett 2 |
TOP OF THE 4TH |
Memphis Redbirds batting - Pitching for Gwinnett Braves : LHP Mario Jimenez
|
Batting: LHB Tim Olsen
|
0-0: Ball 1-0: Fly out, F7 (Flyball, 7D, EV 92.5 MPH)
|
Batting: RHB Eric Chotkowski
|
0-0: Fly out, F9 (Flyball, 9S, EV 75.0 MPH)
|
Batting: LHB Jesus Ramirez
|
0-0: Called Strike 0-1: Fly out, F8 (Flyball, 8LM, EV 90.6 MPH)
|
Top of the 4th over - 0 runs, 0 hits, 0 errors, 0 left on base; Memphis 1 - Gwinnett 2 |
BOTTOM OF THE 4TH |
Gwinnett Braves batting - Pitching for Memphis Redbirds : LHP Brad Jonas
|
Batting: LHB Bobby Upton
|
0-0: Ball 1-0: Called Strike 1-1: Foul Ball, location: 2F 1-2: Ball 2-2: Ground out 4-3 (Groundball, 4, EV 90.0 MPH)
|
Batting: LHB Jose Chinchilla
|
0-0: SINGLE (Groundball, 4M, EV 102.5 MPH)
|
Batting: SHB Tim Rodgers
|
0-0: SINGLE (Groundball, 6D, EV 100.0 MPH) Jose Chinchilla to second
|
Batting: RHB Alex Munoz
|
0-0: Foul Ball, location: 2F 0-1: Ball 1-1: Ball 2-1: Ball 3-1: Base on Balls Jose Chinchilla to third Tim Rodgers to second
|
Batting: RHB Luis Revilla
|
0-0: Ball 1-0: Swinging Strike 1-1: Swinging Strike 1-2: Foul Ball, location: 2F 1-2: Foul Ball, location: 2F 1-2: Ball 2-2: Ball 3-2: Base on Balls Jose Chinchilla scores Tim Rodgers to third Alex Munoz to second
|
Batting: RHB Ian Sousa
|
0-0: Ball 1-0: SINGLE (Groundball, 4MD, EV 96.3 MPH) Tim Rodgers scores Alex Munoz to third Luis Revilla to second Runner from 3rd tries for Home, SAFE, throw by CF to home
|
Pitching: LHP Nick Getz
|
|
Batting: RHB Jake Lang
|
0-0: Ball 1-0: Ball 2-0: Called Strike 2-1: Grounds into double play, 6-4-3 (Groundball, 6, EV 107.5 MPH)
|
Bottom of the 4th over - 3 runs, 3 hits, 0 errors, 1 left on base; Memphis 1 - Gwinnett 5 |
TOP OF THE 5TH |
Memphis Redbirds batting - Pitching for Gwinnett Braves : LHP Mario Jimenez
|
Batting: SHB Luke Robbins
|
0-0: Foul Ball, location: 2F 0-1: Ball 1-1: Foul Ball, location: 2F 1-2: Ground out 5-3 (Groundball, 5S, EV 68.8 MPH)
|
Batting: SHB Quido van Erp
|
0-0: Fly out, F8 (Flyball, 8RS, EV 86.3 MPH)
|
Batting: RHB Tony Mendez
|
0-0: Ball 1-0: SOLO HOME RUN (Flyball, 7LD, EV 96.3 MPH), Distance : 357 ft
|
Batting: LHB Melvin Salgado
|
0-0: Called Strike 0-1: Ball 1-1: Ground out 1-3 (Groundball, 13S, EV 74.4 MPH)
|
Top of the 5th over - 1 run, 1 hit, 0 errors, 0 left on base; Memphis 2 - Gwinnett 5 |
BOTTOM OF THE 5TH |
Gwinnett Braves batting - Pitching for Memphis Redbirds : LHP Nick Getz
|
Batting: RHB Jesse Lester
|
0-0: Called Strike 0-1: Called Strike 0-2: Strikes out swinging
|
Batting: RHB T.J. Jordan
|
0-0: Called Strike 0-1: Called Strike 0-2: Foul Ball, location: 2F 0-2: Ground out 5-3 (Groundball, 56S, EV 78.1 MPH)
|
Batting: LHB Bobby Upton
|
0-0: Ball 1-0: Called Strike 1-1: Fly out, F3 (Popup, 34, EV 81.9 MPH)
|
Bottom of the 5th over - 0 runs, 0 hits, 0 errors, 0 left on base; Memphis 2 - Gwinnett 5 |
TOP OF THE 6TH |
Memphis Redbirds batting - Pitching for Gwinnett Braves : LHP Mario Jimenez
|
Batting: RHB Josh Hoeye
|
0-0: Ball 1-0: Fly out, F9 (Flyball, 9LM, EV 93.8 MPH)
|
Batting: LHB Tom Butterbaugh
|
0-0: Ball 1-0: Ball 2-0: Ball 3-0: Base on Balls
|
Batting: LHB Tim Olsen
|
0-0: Swinging Strike 0-1: Ball 1-1: Foul Ball, location: 2F 1-2: SINGLE (Groundball, 34, EV 106.9 MPH) Tom Butterbaugh to second Runner from 2nd tries for 3rd, SAFE, throw by RF made to third
|
Batting: RHB Eric Chotkowski
|
0-0: Ball 1-0: Ball 2-0: Ball 3-0: Base on Balls Tim Olsen to second
|
Batting: LHB Jesus Ramirez
|
0-0: GRAND SLAM HOME RUN (Flyball, 9LD, EV 90.6 MPH), Distance : 351 ft
|
Pitching: LHP Kyle Krull
|
|
Batting: SHB Luke Robbins
|
0-0: TRIPLE (Line Drive, 9LD, EV 100.0 MPH)
|
Batting: SHB Quido van Erp
|
0-0: Ball 1-0: Called Strike 1-1: Ground out 4-3 (Groundball, 34, EV 86.9 MPH)
|
Batting: RHB Tony Mendez
|
0-0: Foul Ball, location: 2F 0-1: Foul Ball, location: 2F 0-2: Fly out, F8 (Flyball, 8RXD, EV 97.5 MPH)
|
Top of the 6th over - 4 runs, 3 hits, 0 errors, 1 left on base; Memphis 6 - Gwinnett 5 |
BOTTOM OF THE 6TH |
Gwinnett Braves batting - Pitching for Memphis Redbirds : LHP Nick Getz
|
Batting: LHB Jose Chinchilla
|
0-0: Called Strike 0-1: Ground out 5-3 (Groundball, 6, EV 82.5 MPH)
|
Batting: SHB Tim Rodgers
|
0-0: Foul Ball, location: 2F 0-1: Ground out 4-3 (Groundball, 13, EV 84.4 MPH)
|
Batting: RHB Alex Munoz
|
0-0: Ball 1-0: Ball 2-0: SINGLE (Flyball, 8RS, EV 86.3 MPH)
|
Batting: RHB Luis Revilla
|
0-0: Called Strike Alex Munoz steals 2nd base 0-1: Ball 1-1: Ball 2-1: Foul Ball, location: 2F 2-2: 2-RUN HOME RUN (Flyball, 7D, EV 96.3 MPH), Distance : 374 ft
|
Batting: RHB Ian Sousa
|
0-0: Ball 1-0: Called Strike 1-1: Ball 2-1: Foul Ball, location: 2F 2-2: Ground out 6-3 (Groundball, 6, EV 107.5 MPH)
|
Bottom of the 6th over - 2 runs, 2 hits, 0 errors, 0 left on base; Memphis 6 - Gwinnett 7 |
TOP OF THE 7TH |
Memphis Redbirds batting - Pitching for Gwinnett Braves : LHP Kyle Krull
|
Batting: LHB Melvin Salgado
|
0-0: Called Strike 0-1: Ball 1-1: Ball 2-1: Ball 3-1: SINGLE (Line Drive, 56D, EV 97.5 MPH)
|
Batting: RHB Josh Hoeye
|
0-0: Ball 1-0: Bunt missed! 1-1: Bunt missed! 1-2: SINGLE (Groundball, 6MD, EV 104.4 MPH) Melvin Salgado to second Runner from 2nd tries for 3rd, SAFE, throw by CF made to third Josh Hoeye to second
|
Pinch Hitting: RHB Roberto Lemus
|
0-0: Ball 1-0: Fly out, F8 (Flyball, 8LXD, EV 96.3 MPH) Runner from 3rd tags up, SCORES, no throw by CF Josh Hoeye to third
|
Batting: LHB Tim Olsen
|
0-0: Foul Ball, location: 2F 0-1: Ball 1-1: Swinging Strike 1-2: Strikes out looking
|
Batting: RHB Eric Chotkowski
|
0-0: Ball 1-0: Ball 2-0: Called Strike 2-1: Ground out 4-3 (Groundball, 4, EV 77.5 MPH)
|
Top of the 7th over - 1 run, 2 hits, 0 errors, 1 left on base; Memphis 7 - Gwinnett 7 |
BOTTOM OF THE 7TH |
Gwinnett Braves batting - Pitching for Memphis Redbirds : LHP Nick Getz
|
Now at 3B: Mark Buchholz
|
|
Batting: RHB Jake Lang
|
0-0: Ball 1-0: Ball 2-0: Called Strike 2-1: Ball 3-1: Swinging Strike 3-2: Fly out, F3 (Popup, 34, EV 71.3 MPH)
|
Batting: RHB Jesse Lester
|
0-0: Ball 1-0: Foul Ball, location: 2F 1-1: Ball 2-1: Ball 3-1: Base on Balls
|
Batting: RHB T.J. Jordan
|
0-0: Called Strike 0-1: Ball 1-1: Fly out, F9 (Flyball, 9LS, EV 85.6 MPH)
|
Batting: LHB Bobby Upton
|
0-0: Called Strike 0-1: Ball 1-1: Ball 2-1: Foul Ball, location: 2F 2-2: SINGLE (Line Drive, 3D, EV 96.3 MPH) Jesse Lester to second
|
Pitching: LHP Paul Gill
|
|
Batting: LHB Jose Chinchilla
|
0-0: Ball Wild Pitch! Jesse Lester to third Bobby Upton to second 1-0: Swinging Strike 1-1: Foul Ball, location: 2F 1-2: Foul Ball, location: 2F 1-2: Reached on error, E4 (Popup, 13S, EV 88.1 MPH) Jesse Lester scores Bobby Upton to third
|
Batting: SHB Tim Rodgers
|
0-0: Called Strike 0-1: Hit by Pitch Jose Chinchilla to second
|
Batting: RHB Alex Munoz
|
0-0: Ball 1-0: Foul Ball, location: 2F 1-1: Ball 2-1: Ball 3-1: Called Strike 3-2: Fly out, F9 (Flyball, 89M, EV 90.6 MPH)
|
Bottom of the 7th over - 1 run, 1 hit, 1 error, 3 left on base; Memphis 7 - Gwinnett 8 |
TOP OF THE 8TH |
Memphis Redbirds batting - Pitching for Gwinnett Braves : LHP Kyle Krull
|
Pitching: RHP Luis Alvarez
|
|
Batting: LHB Jesus Ramirez
|
0-0: Ball 1-0: Ball 2-0: Ground out 6-3 (Groundball, 6M, EV 87.5 MPH)
|
Batting: SHB Luke Robbins
|
0-0: Called Strike 0-1: Swinging Strike 0-2: Strikes out swinging
|
Batting: SHB Quido van Erp
|
0-0: Foul Ball, location: 2F 0-1: Foul Ball, location: 2F 0-2: Ball 1-2: Ball 2-2: Ball 3-2: Foul Ball, location: 2F 3-2: Foul Ball, location: 2F 3-2: Ground out 1-3 (Groundball, 25, EV 70.0 MPH)
|
Top of the 8th over - 0 runs, 0 hits, 0 errors, 0 left on base; Memphis 7 - Gwinnett 8 |
BOTTOM OF THE 8TH |
Gwinnett Braves batting - Pitching for Memphis Redbirds : LHP Paul Gill
|
Batting: RHB Luis Revilla
|
0-0: Called Strike 0-1: Ball 1-1: Foul Ball, location: 2F 1-2: Fly out, F4 (Flyball, 4MD, EV 92.5 MPH)
|
Batting: RHB Ian Sousa
|
0-0: Hit by Pitch
|
Batting: RHB Jake Lang
|
0-0: Called Strike 0-1: Ball 1-1: Ball 2-1: Ball 3-1: 2-RUN HOME RUN (Flyball, 7LD, EV 93.8 MPH), Distance : 355 ft
|
Batting: RHB Jesse Lester
|
0-0: Ball 1-0: Ball 2-0: Ball 3-0: Base on Balls
|
Batting: RHB T.J. Jordan
|
0-0: Ball 1-0: Ball 2-0: Called Strike 2-1: Ground out 6-3 (Groundball, 4MD, EV 103.1 MPH) Jesse Lester to second
|
Batting: LHB Bobby Upton
|
0-0: Ball 1-0: Ball 2-0: Called Strike 2-1: Foul Ball, location: 2F 2-2: Ground out 4-3 (Groundball, 34D, EV 103.8 MPH)
|
Bottom of the 8th over - 2 runs, 1 hit, 0 errors, 1 left on base; Memphis 7 - Gwinnett 10 |
TOP OF THE 9TH |
Memphis Redbirds batting - Pitching for Gwinnett Braves : RHP Luis Alvarez
|
Batting: RHB Tony Mendez
|
0-0: SINGLE (Flyball, 34D, EV 91.9 MPH)
|
Batting: LHB Melvin Salgado
|
0-0: Called Strike 0-1: Foul Ball, location: 2F 0-2: Foul Ball, location: 2F 0-2: Ball 1-2: Ball 2-2: 2-RUN HOME RUN (Flyball, 89XD, EV 113.1 MPH), Distance : 409 ft
|
Batting: RHB Josh Hoeye
|
0-0: Ground out 6-3 (Groundball, 56, EV 78.8 MPH)
|
Batting: LHB Mark Buchholz
|
0-0: Foul Ball, location: 2F 0-1: SINGLE (Groundball, 34S, EV 63.1 MPH) (infield hit)
|
Pitching: LHP Roger Ipock
|
|
Pinch Hitting: RHB Colin Boddy
|
0-0: Foul Ball, location: 2F 0-1: Ball 1-1: Ball 2-1: Grounds into double play, 6-4-3 (Groundball, 56, EV 85.6 MPH)
|
Top of the 9th over - 2 runs, 3 hits, 0 errors, 0 left on base; Memphis 9 - Gwinnett 10 |
|